 Dungeon Crawl Stone Soup version 0.30-a0-949-g53dc5368d7 (webtiles) character file.

Game seed: 6289486201571203304

341 Hubris850 the Ruffian (level 6, -10/51 HPs)
             Began as a Minotaur Gladiator on Mar 27, 2023.
             Killed by divine providence
             ... invoked by an orc priest
              (14 damage)
             ... on level 5 of the Dungeon.
             The game lasted 00:06:12 (4169 turns).

Hubris850 the Ruffian (Minotaur Gladiator)          Turns: 4169, Time: 00:06:13

Health: -10/51     AC:  5    Str: 19    XL:     6   Next: 30%
Magic:  5/5        EV: 12    Int:  5    God:
Gold:   247        SH:  0    Dex: 13    Spells: 5/5 levels left

rFire   . . .      SeeInvis .      - Unarmed
rCold   . . .      Faith    .    (no shield)
rNeg    . . .      Spirit   .    n - +0 ring mail
rPois   .          Reflect  .    b - +0 hat
rElec   .          Rampage  .    (no cloak)
rCorr   .                        (no gloves)
Will    .....                    (no boots)
Stlth   +                        (no amulet)
HPRegen 0.28/turn                (no ring)
MPRegen 0.09/turn                (no ring)

@: lethally poisoned (-10 -> -18), hasted, very quick
A: horns 2, retaliatory headbutt
a: no special abilities


You were on level 5 of the Dungeon.
You visited 1 branch of the dungeon, and saw 5 of its levels.

You collected 247 gold pieces.

Inventory:

Hand Weapons
 j - a +3 dagger
 w - a +0 broad axe
Missiles
 c - 3 throwing nets
 d - a javelin (quivered)
 f - 4 boomerangs of dispersal
Armour
 a - a +0 leather armour
 b - a +0 hat (worn)
 n - a +0 ring mail (worn)
Jewellery
 y - a +6 ring of intelligence
Scrolls
 e - 2 scrolls of identify {unknown}
 g - a scroll of enchant weapon {unknown}
 k - 2 scrolls of poison {unknown}
 l - 2 scrolls of blinking {unknown}
 p - 2 scrolls of fog {unknown}
 r - 4 scrolls of teleportation {unknown}
 t - a scroll of immolation {unknown}
 x - a scroll of butterflies {unknown}
 A - a scroll of amnesia {unknown}
Potions
 h - 2 potions of magic {unknown}
 i - a potion of mutation {unknown}
 m - a potion of degeneration {unknown}
 o - a potion of ambrosia {unknown}
 q - 3 potions of haste
 s - a potion of might {unknown}
 u - a potion of lignification {unknown}
 v - a potion of heal wounds {unknown}
 z - a potion of flight {unknown}
 B - a potion of curing {unknown}


   Skills:
 - Level 3.0 Fighting
 + Level 3.5 Throwing
 + Level 3.2 Armour
 - Level 4.0 Dodging
 * Level 5.7 Unarmed Combat


You had 5 spell levels left.
You didn't know any spells.
Your spell library was empty.

Dungeon Overview and Level Annotations

Branches:
Dungeon (5/15)
 Temple: D:4-7

Altars:
Gozag
Ru
Vehumet

Shops:
D:1 *


Innate Abilities, Weirdness & Mutations

You have a pair of horns on your head.
You reflexively headbutt those who attack you in melee.


Message History

The orc priest calls down the wrath of Beogh upon you.
Beogh smites you!
You hear a shout!
A gnoll comes into view. It is wielding a +0 spear of venom.
You hear a shout!
The gnoll moves out of view.
You see here a +0 hand axe.
The orc attacks as you move away! The orc barely misses you.
A gnoll comes into view. It is wielding a +0 spear.
The gnoll shouts!
A gnoll comes into view. It is wielding a +0 spear.
The orc priest mumbles some strange prayers to Beogh against you.
Pain shoots through your body!
The gnoll shouts!
You hit the orc priest but do no damage.
The orc hits you but does no damage. The orc priest closely misses you.
You hit the orc priest.
The orc priest is lightly wounded.
The orc closely misses you.
The orc priest hits you with a +0 short sword.
The gnoll hits you from afar with a +0 spear of venom.
* * * LOW HITPOINT WARNING * * *
You closely miss the orc priest. You punch the orc priest.
The orc priest is moderately wounded.
You closely miss the orc priest.
The orc priest is moderately wounded.
The orc misses you.
The orc priest hits you but does no damage.
The gnoll hits you from afar with a +0 spear of venom.
* * * LOW HITPOINT WARNING * * *
You are poisoned.
It was a potion of haste.
You feel yourself speed up.
* * * LOW HITPOINT WARNING * * *
You feel very sick.
A gnoll comes into view. It is wielding a +0 flail.
The orc hits you with a +0 falchion.
* * * LOW HITPOINT WARNING * * *
The orc priest invokes the aid of Beogh against you.
Beogh smites you!
You die...

....g##.....
....#.....###
...#........
..#......#.
g.g$......
######g.....# .
.......o...###..
.......@.......
.......o...)#.#
......)...#.#.#####
....#..!..#.#......
... #.....#....##
.. ####........# .
#........#
#........#
#........#


You could see an orc priest, 4 gnolls and an orc.

Vanquished Creatures
  A black bear (D:4)
  An iguana (D:4)
  An orc wizard (D:4)
  7 adders
  4 worms
  7 dart slugs
  4 orcs
  9 bats
  5 endoplasms
  8 giant cockroaches
  9 goblins
  7 hobgoblins
  11 jackals
  9 kobolds
  5 quokkas
  4 ball pythons
  6 frilled lizards
  5 rats
103 creatures vanquished.

Notes
Turn   | Place    | Note
-------+----------+-------------------------------------------
     0 | D:1      | Hubris850 the Minotaur Gladiator began the quest for the
                  | Orb.
     0 | D:1      | Reached XP level 1. HP: 18/18 MP: 0/0
    80 | D:1      | Reached XP level 2. HP: 18/25 MP: 1/1
   325 | D:1      | Found Huon's General Store.
   540 | D:1      | Reached skill level 1 in Armour
   547 | D:1      | Reached XP level 3. HP: 3/30 MP: 2/2
   547 | D:1      | HP: 1/30 [jackal (2)]
  1105 | D:2      | Found a faded altar of an unknown god.
  1126 | D:2      | Reached skill level 4 in Unarmed Combat
  1476 | D:2      | Reached XP level 4. HP: 38/38 MP: 3/3
  2159 | D:2      | You fall into a shaft and drop 1 floor!
  2175 | D:3      | Found a sacrificial altar of Ru.
  2344 | D:3      | Found an opulent altar of Gozag.
  2403 | D:3      | Found a radiant altar of Vehumet.
  2936 | D:4      | Reached XP level 5. HP: 24/45 MP: 4/4
  3169 | D:4      | Reached skill level 5 in Unarmed Combat
  3602 | D:4      | Noticed a black bear
  3610 | D:4      | Killed a black bear
  3611 | D:4      | Reached XP level 6. HP: 47/51 MP: 5/5
  4107 | D:5      | Entered Level 5 of the Dungeon
  4169 | D:5      | Killed from afar by an orc priest

Illustrated notes

Levels and vault maps discovered:
D:1:      dpeg_arrival_rooms_with_view, layout_basic, serial_shops, shop
D:2:      layout_loops_corners, chequers_ecumenical_altar_island,
          serial_aquarium, aquarium_bridge_square [aquarium_subvault_wall,
          aquarium_subvault_bridge, aquarium_subvault_wall,
          aquarium_subvault_window], aquarium_window_fake, aquarium_window_1,
          aquarium_window_2, aquarium_window_2, aquarium_view_2d,
          aquarium_view_2f, aquarium_balcony_3b, aquarium_pool_side,
          minmay_3d_cube
D:3:      layout_loops_ring, mainiacjoe_overflow_chevrons,
          nicolae_vehumet_radiance,
          nicolae_gozag_cash_rules_everything_around_me,
          kennysheep_generic_room_15
D:4:      layout_layer_cave
D:5:      layout_basic, mainiacjoe_overflow_catwalk,
          minmay_temple_entry_nine_rooms

Skill      XL: |  1  2  3  4  5 |
---------------+----------------+-----
Armour         | 1 2 3 |  3.2
Fighting       | 3 |  3.0
Unarmed Combat | 4 5 |  5.7
Dodging        | 4 |  4.0
Throwing       | 3 |  3.5

Action                     |  1- 3 |  4- 6 || total
---------------------------+-------+-------++-------
  Melee: Unarmed           |    82 |   140 ||   222
         Headbutt          |    16 |    29 ||    45
         Punch             |     1 |     5 ||     6
         Dagger            |    35 |       ||    35
  Throw: Javelin           |       |     1 ||     1
    Use: Potion            |       |     1 ||     1
 Armour: Leather armour    |    19 |       ||    19
         Ring mail         |    11 |    38 ||    49
  Dodge: Dodged            |    77 |    77 ||   154

Table legend: (Time is in decaauts)
 A = Elapsed time spent in this place.
 B = Non-inter-level travel time spent in this place.
 C = Inter-level travel time spent in this place.
 D = Time resting spent in this place.
 E = Time spent auto-exploring this place.
 F = Levels seen in this place.
 G = Mean time per level.
                   A        B        C        D        E       F      G
               +--------+--------+--------+--------+--------+-----+--------+
         Total |   4153 |   3943 |    210 |    271 |   3094 |   5 |  830.6 |
       Dungeon |   4153 |   3943 |    210 |    271 |   3094 |   5 |  830.6 |
               +--------+--------+--------+--------+--------+-----+--------+

Top non-repeatable levels by time:
     D:2: 1204 daAuts
     D:4: 1176 daAuts
     D:1: 951 daAuts
     D:3: 761 daAuts
     D:5: 60 daAuts
